| TOP OF THE 1ST |
|
Gwinnett Braves batting - Pitching for Louisville Bats : RHP Ragnar Alqvist
|
|
Pitching: RHP Ragnar Alqvist
|
|
|
Batting: LHB Robby Dann
|
0-0: Foul Ball, location: 2F 0-1: Foul Ball, location: 2F 0-2: Fly out, F8 (Flyball, 8RXD, EV 100.6 MPH)
|
|
Batting: RHB Neal Tinoco
|
0-0: Ball 1-0: Ball 2-0: Ball 3-0: Called Strike 3-1: SINGLE (Groundball, 6S, EV 70.0 MPH) (infield hit)
|
|
Batting: RHB Chris Sharpe
|
0-0: Called Strike Neal Tinoco steals 2nd base 0-1: Ball 1-1: Called Strike 1-2: Ground out 5-3 (Groundball, 5S, EV 86.2 MPH)
|
|
Batting: RHB Jake Lang
|
0-0: Ball Wild Pitch! Neal Tinoco to third 1-0: Ground out 4-3 (Groundball, 34, EV 108.1 MPH)
|
| Top of the 1st over - 0 runs, 1 hit, 0 errors, 1 left on base; Gwinnett 0 - Louisville 0 |
| BOTTOM OF THE 1ST |
|
Louisville Bats batting - Pitching for Gwinnett Braves : LHP Eduardo Baez
|
|
Pitching: LHP Eduardo Baez
|
|
|
Batting: RHB Solange Le Coq
|
0-0: Ball 1-0: Called Strike 1-1: Ground out 1-3 (Groundball, 13S, EV 67.5 MPH)
|
|
Batting: SHB Paul Sandoval
|
0-0: Foul Ball, location: 2F 0-1: Fly out, F8 (Flyball, 8LXD, EV 97.5 MPH)
|
|
Batting: RHB Bruno André
|
0-0: Ball 1-0: Ball 2-0: Ball 3-0: Called Strike 3-1: Foul Ball, location: 2F 3-2: SINGLE (Groundball, 6D, EV 96.2 MPH)
|
|
Batting: SHB Freddie Farrar
|
0-0: Ball 1-0: Ball 2-0: Fly out, F9 (Flyball, 89S, EV 79.4 MPH)
|
| Bottom of the 1st over - 0 runs, 1 hit, 0 errors, 1 left on base; Gwinnett 0 - Louisville 0 |
| TOP OF THE 2ND |
|
Gwinnett Braves batting - Pitching for Louisville Bats : RHP Ragnar Alqvist
|
|
Batting: LHB Mark Buchholz
|
0-0: Called Strike 0-1: Ball 1-1: Ball 2-1: Ball 3-1: Swinging Strike 3-2: Foul Ball, location: 2F 3-2: Strikes out swinging
|
|
Batting: RHB Corey Dalton
|
0-0: Ball 1-0: Swinging Strike 1-1: Ground out 4-3 (Groundball, 4, EV 87.5 MPH)
|
|
Batting: RHB Jesse Lester
|
0-0: Swinging Strike 0-1: Foul Ball, location: 2F 0-2: Ball 1-2: Ball 2-2: Foul Ball, location: 2F 2-2: Ball 3-2: Base on Balls
|
|
Batting: RHB Riley Nasiir
|
0-0: Foul Ball, location: 2F 0-1: Called Strike 0-2: Ball 1-2: Strikes out swinging
|
| Top of the 2nd over - 0 runs, 0 hits, 0 errors, 1 left on base; Gwinnett 0 - Louisville 0 |
| BOTTOM OF THE 2ND |
|
Louisville Bats batting - Pitching for Gwinnett Braves : LHP Eduardo Baez
|
|
Batting: RHB Chase Briney
|
0-0: Called Strike 0-1: Foul Ball, location: 2F 0-2: Foul Ball, location: 2F 0-2: Foul Ball, location: 2F 0-2: Foul Ball, location: 2F 0-2: Ball 1-2: Foul Ball, location: 2F 1-2: Ground out 6-3 (Groundball, 6, EV 88.1 MPH)
|
|
Batting: LHB Satoru Handa
|
0-0: Foul Ball, location: 2F 0-1: SINGLE (Groundball, 4D, EV 96.9 MPH)
|
|
Batting: RHB Colin Lord
|
0-0: Ball 1-0: Ball 2-0: Foul Ball, location: 2F 2-1: Ball Satoru Handa steals 2nd, throwing error, E2 Satoru Handa to third 3-1: Called Strike 3-2: Base on Balls
|
|
Batting: LHB Jake Bill
|
0-0: Foul Ball, location: 2F 0-1: Ball 1-1: Swinging Strike 1-2: Strikes out swinging
|
|
Batting: RHB Steve Anderson
|
0-0: Foul Ball, location: 2F 0-1: SINGLE (Groundball, 6M, EV 96.2 MPH) Satoru Handa scores Colin Lord to second Runner from 2nd tries for 3rd, SAFE, throw by CF made to third
|
|
Batting: RHB Solange Le Coq
|
0-0: Called Strike 0-1: Called Strike 0-2: Foul Ball, location: 2F 0-2: Ball 1-2: Ball 2-2: SINGLE (Line Drive, 56D, EV 104.4 MPH) Colin Lord scores Steve Anderson to second
|
|
Batting: SHB Paul Sandoval
|
0-0: Called Strike 0-1: Ball 1-1: Ground out 1-3 (Groundball, 13S, EV 75.0 MPH)
|
| Bottom of the 2nd over - 2 runs, 3 hits, 1 error, 2 left on base; Gwinnett 0 - Louisville 2 |
| TOP OF THE 3RD |
|
Gwinnett Braves batting - Pitching for Louisville Bats : RHP Ragnar Alqvist
|
|
Batting: RHB Johnny Burroughs
|
0-0: Called Strike 0-1: Foul Ball, location: 2F 0-2: Ball 1-2: Foul Ball, location: 2F 1-2: Ball 2-2: Ball 3-2: Ground out 6-3 (Groundball, 6, EV 87.5 MPH)
|
|
Batting: LHB Robby Dann
|
0-0: Foul Ball, location: 2F 0-1: Foul Ball, location: 2F 0-2: Foul Ball, location: 2F 0-2: Ball 1-2: Fly out, F8 (Flyball, 8LD, EV 104.4 MPH)
|
|
Batting: RHB Neal Tinoco
|
0-0: Ball 1-0: Swinging Strike 1-1: Swinging Strike 1-2: Foul Ball, location: 2F 1-2: Strikes out swinging
|
| Top of the 3rd over - 0 runs, 0 hits, 0 errors, 0 left on base; Gwinnett 0 - Louisville 2 |
| BOTTOM OF THE 3RD |
|
Louisville Bats batting - Pitching for Gwinnett Braves : LHP Eduardo Baez
|
|
Batting: RHB Bruno André
|
0-0: Ball 1-0: Foul Ball, location: 2F 1-1: Ball 2-1: SINGLE (Groundball, 56, EV 95.6 MPH)
|
|
Batting: SHB Freddie Farrar
|
0-0: Called Strike Pickoff Throw by Catcher to First - Out! 0-1: Foul Ball, location: 2F 0-2: Fly out, F9 (Flyball, 9LD, EV 81.9 MPH)
|
|
Batting: RHB Chase Briney
|
0-0: Ball 1-0: Called Strike 1-1: Called Strike 1-2: Ground out 5-3 (Groundball, 5, EV 92.5 MPH)
|
| Bottom of the 3rd over - 0 runs, 1 hit, 0 errors, 0 left on base; Gwinnett 0 - Louisville 2 |
| TOP OF THE 4TH |
|
Gwinnett Braves batting - Pitching for Louisville Bats : RHP Ragnar Alqvist
|
|
Batting: RHB Chris Sharpe
|
0-0: Swinging Strike 0-1: Ball 1-1: Ball 2-1: Swinging Strike 2-2: Ball 3-2: Strikes out swinging
|
|
Batting: RHB Jake Lang
|
0-0: Ball 1-0: Ball 2-0: Ball 3-0: Called Strike 3-1: Base on Balls
|
|
Batting: LHB Mark Buchholz
|
0-0: Foul Ball, location: 2F 0-1: Ball 1-1: Ball 2-1: Swinging Strike 2-2: Ball 3-2: Strikes out swinging
|
|
Batting: RHB Corey Dalton
|
0-0: Ball 1-0: Ball 2-0: Foul Ball, location: 2F 2-1: DOUBLE (Line Drive, 9LS, EV 112.5 MPH) Jake Lang to third Runner from 3rd tries for Home, SAFE, throw by RF to home
|
|
Batting: RHB Jesse Lester
|
0-0: Foul Ball, location: 2F 0-1: Called Strike 0-2: Ball 1-2: Foul Ball, location: 2F 1-2: Foul Ball, location: 2F 1-2: Ball 2-2: Ball 3-2: Foul Ball, location: 2F 3-2: Ground out 5-3 (Groundball, 56, EV 85.6 MPH)
|
| Top of the 4th over - 1 run, 1 hit, 0 errors, 1 left on base; Gwinnett 1 - Louisville 2 |
| BOTTOM OF THE 4TH |
|
Louisville Bats batting - Pitching for Gwinnett Braves : LHP Eduardo Baez
|
|
Batting: LHB Satoru Handa
|
0-0: Ball 1-0: SINGLE (Line Drive, 8LS, EV 89.4 MPH)
|
|
Batting: RHB Colin Lord
|
0-0: Called Strike 0-1: Called Strike Satoru Handa steals 2nd base (no throw) 0-2: Ball 1-2: Foul Ball, location: 2F 1-2: Ball 2-2: SINGLE (Flyball, 7LS, EV 91.9 MPH) Satoru Handa to third
|
|
Batting: LHB Jake Bill
|
0-0: Fly out, F8 (Flyball, 8LXD, EV 91.9 MPH) Runner from 3rd tags up, SCORES, no throw by CF
|
|
Batting: RHB Steve Anderson
|
0-0: Ball 1-0: Ball 2-0: Ball 3-0: Base on Balls Colin Lord to second
|
|
Batting: RHB Solange Le Coq
|
0-0: Ground out 6-3 (Groundball, P, EV 91.2 MPH) Colin Lord to third Steve Anderson to second
|
|
Batting: SHB Paul Sandoval
|
0-0: Called Strike 0-1: Foul Ball, location: 2F 0-2: Strikes out swinging
|
| Bottom of the 4th over - 1 run, 2 hits, 0 errors, 2 left on base; Gwinnett 1 - Louisville 3 |
| TOP OF THE 5TH |
|
Gwinnett Braves batting - Pitching for Louisville Bats : RHP Ragnar Alqvist
|
|
Batting: RHB Riley Nasiir
|
0-0: SINGLE (Groundball, 34D, EV 98.8 MPH)
|
|
Batting: RHB Johnny Burroughs
|
0-0: Ball 1-0: Foul Ball, location: 2F 1-1: Called Strike 1-2: Foul Ball, location: 2F 1-2: SINGLE (Groundball, 5D, EV 99.4 MPH) Riley Nasiir to second Runner from 2nd tries for 3rd, OUT! 7-5
|
|
Batting: LHB Robby Dann
|
0-0: Called Strike 0-1: Foul Ball, location: 2F 0-2: SINGLE (Line Drive, 89S, EV 95.0 MPH) Johnny Burroughs to second
|
|
Batting: RHB Neal Tinoco
|
0-0: Called Strike 0-1: Fielders Choice at 2nd, 5-4 (Groundball, 5S, EV 83.1 MPH) Johnny Burroughs to third
|
|
Batting: RHB Chris Sharpe
|
0-0: Foul Ball, location: 2F 0-1: Ball 1-1: Foul Ball, location: 2F 1-2: Ball 2-2: Fly out, F9 (Flyball, 9LM, EV 93.8 MPH)
|
| Top of the 5th over - 0 runs, 3 hits, 0 errors, 2 left on base; Gwinnett 1 - Louisville 3 |
| BOTTOM OF THE 5TH |
|
Louisville Bats batting - Pitching for Gwinnett Braves : LHP Eduardo Baez
|
|
Batting: RHB Bruno André
|
0-0: Foul Ball, location: 2F 0-1: Ball 1-1: Ball 2-1: SINGLE (Groundball, 5S, EV 70.6 MPH) (infield hit)
|
|
Batting: SHB Freddie Farrar
|
0-0: Swinging Strike 0-1: Ball 1-1: Ball 2-1: 2-RUN HOME RUN (Flyball, 7D, EV 95.6 MPH), Distance : 362 ft
|
|
Pitching: RHP Chris Thompson
|
|
|
Batting: RHB Chase Briney
|
0-0: Ball 1-0: Foul Ball, location: 2F 1-1: Foul Ball, location: 2F 1-2: Foul Ball, location: 2F 1-2: Ground out 6-3 (Groundball, 6, EV 100.6 MPH)
|
|
Batting: LHB Satoru Handa
|
0-0: Ball 1-0: Ball 2-0: Ball 3-0: Reached on error, E4 (Groundball, 13, EV 87.5 MPH)
|
|
Batting: RHB Colin Lord
|
0-0: Ball 1-0: Called Strike 1-1: Fielders Choice at 2nd, 4-6 (Groundball, 34S, EV 88.1 MPH)
|
|
Batting: LHB Jake Bill
|
0-0: Fly out, F7 (Flyball, 7, EV 80.6 MPH)
|
| Bottom of the 5th over - 2 runs, 2 hits, 1 error, 1 left on base; Gwinnett 1 - Louisville 5 |
| TOP OF THE 6TH |
|
Gwinnett Braves batting - Pitching for Louisville Bats : RHP Ragnar Alqvist
|
|
Pitching: RHP Tim Beck
|
|
|
Batting: RHB Jake Lang
|
0-0: Ball 1-0: Called Strike 1-1: Ground out 6-3 (Groundball, 6, EV 98.8 MPH)
|
|
Batting: LHB Mark Buchholz
|
0-0: Foul Ball, location: 2F 0-1: Foul Ball, location: 2F 0-2: Ball 1-2: Strikes out looking
|
|
Batting: RHB Corey Dalton
|
0-0: Called Strike 0-1: Foul Ball, location: 2F 0-2: Ball 1-2: Ball 2-2: Fly out, F4 (Line Drive, 4, EV 63.8 MPH)
|
| Top of the 6th over - 0 runs, 0 hits, 0 errors, 0 left on base; Gwinnett 1 - Louisville 5 |
| BOTTOM OF THE 6TH |
|
Louisville Bats batting - Pitching for Gwinnett Braves : RHP Chris Thompson
|
|
Batting: RHB Steve Anderson
|
0-0: Ball 1-0: Fly out, F9 (Flyball, 9S, EV 91.2 MPH)
|
|
Batting: RHB Solange Le Coq
|
0-0: Foul Ball, location: 2F 0-1: Ball 1-1: SINGLE (Line Drive, 6D, EV 107.5 MPH)
|
|
Batting: SHB Paul Sandoval
|
0-0: SINGLE (Line Drive, 8RS, EV 104.4 MPH) Solange Le Coq to second
|
|
Batting: RHB Bruno André
|
0-0: Ball Solange Le Coq steals 3rd base Paul Sandoval to second 1-0: Intentional Walk
|
|
Batting: SHB Freddie Farrar
|
0-0: Foul Ball, location: 2F 0-1: Called Strike 0-2: Ball 1-2: Foul Ball, location: 2F 1-2: Ball 2-2: Ball 3-2: Foul Ball, location: 2F 3-2: Strikes out swinging
|
|
Batting: RHB Chase Briney
|
0-0: Foul Ball, location: 2F 0-1: Ground out 1-3 (Groundball, P, EV 66.9 MPH)
|
| Bottom of the 6th over - 0 runs, 2 hits, 0 errors, 3 left on base; Gwinnett 1 - Louisville 5 |
| TOP OF THE 7TH |
|
Gwinnett Braves batting - Pitching for Louisville Bats : RHP Tim Beck
|
|
Batting: RHB Jesse Lester
|
0-0: Called Strike 0-1: Foul Ball, location: 2F 0-2: Ball 1-2: Strikes out swinging
|
|
Batting: RHB Riley Nasiir
|
0-0: Ball 1-0: Foul Ball, location: 2F 1-1: Ground out 6-3 (Groundball, 6, EV 84.4 MPH)
|
|
Batting: RHB Johnny Burroughs
|
0-0: Called Strike 0-1: Swinging Strike 0-2: Foul Ball, location: 2F 0-2: Ball 1-2: Ball 2-2: Ball 3-2: Foul Ball, location: 2F 3-2: Strikes out swinging
|
| Top of the 7th over - 0 runs, 0 hits, 0 errors, 0 left on base; Gwinnett 1 - Louisville 5 |
| BOTTOM OF THE 7TH |
|
Louisville Bats batting - Pitching for Gwinnett Braves : RHP Chris Thompson
|
|
Pitching: LHP Shinya Taira
|
|
|
Batting: LHB Satoru Handa
|
0-0: Ball 1-0: Foul Ball, location: 2F 1-1: Ground out U3 (Groundball, 34, EV 83.8 MPH)
|
|
Batting: RHB Colin Lord
|
0-0: Ball 1-0: Fly out, F7 (Flyball, 7, EV 81.2 MPH)
|
|
Batting: LHB Jake Bill
|
0-0: Ball 1-0: Fly out, F9 (Flyball, 89S, EV 89.4 MPH)
|
| Bottom of the 7th over - 0 runs, 0 hits, 0 errors, 0 left on base; Gwinnett 1 - Louisville 5 |
| TOP OF THE 8TH |
|
Gwinnett Braves batting - Pitching for Louisville Bats : RHP Tim Beck
|
|
Pitching: RHP Justin Ambrose
|
|
|
Batting: LHB Robby Dann
|
0-0: Ground out 5-3 (Groundball, 56, EV 102.5 MPH)
|
|
Batting: RHB Neal Tinoco
|
0-0: Swinging Strike 0-1: Called Strike 0-2: Ball 1-2: Ball 2-2: Foul Ball, location: 2F 2-2: Ball 3-2: Ground out 5-3 (Groundball, 5S, EV 64.4 MPH)
|
|
Batting: RHB Chris Sharpe
|
0-0: Ball 1-0: Ball 2-0: Called Strike 2-1: Foul Ball, location: 2F 2-2: Foul Ball, location: 2F 2-2: Strikes out swinging
|
| Top of the 8th over - 0 runs, 0 hits, 0 errors, 0 left on base; Gwinnett 1 - Louisville 5 |
| BOTTOM OF THE 8TH |
|
Louisville Bats batting - Pitching for Gwinnett Braves : LHP Shinya Taira
|
|
Batting: RHB Steve Anderson
|
0-0: Foul Ball, location: 2F 0-1: SINGLE (Groundball, 56S, EV 68.8 MPH) (infield hit)
|
|
Batting: RHB Solange Le Coq
|
0-0: Sac Bunt to 25 - play at first, batter OUT! 5-3 Steve Anderson to second
|
|
Batting: SHB Paul Sandoval
|
0-0: Ground out U3 (Groundball, 3, EV 100.6 MPH) Steve Anderson to third
|
|
Batting: RHB Bruno André
|
0-0: Ball 1-0: Swinging Strike 1-1: Ground out 5-3 (Groundball, 56, EV 86.2 MPH)
|
| Bottom of the 8th over - 0 runs, 1 hit, 0 errors, 1 left on base; Gwinnett 1 - Louisville 5 |
| TOP OF THE 9TH |
|
Gwinnett Braves batting - Pitching for Louisville Bats : RHP Justin Ambrose
|
|
Batting: RHB Jake Lang
|
0-0: Ball 1-0: Swinging Strike 1-1: Fly out, F7 (Line Drive, 7, EV 100.0 MPH)
|
|
Batting: LHB Mark Buchholz
|
0-0: Foul Ball, location: 2F 0-1: Swinging Strike 0-2: Ball 1-2: Ball 2-2: Strikes out swinging
|
|
Batting: RHB Corey Dalton
|
0-0: Foul Ball, location: 2F 0-1: Swinging Strike 0-2: Strikes out swinging
|
| Top of the 9th over - 0 runs, 0 hits, 0 errors, 0 left on base; Gwinnett 1 - Louisville 5 |
|